 Dungeon Crawl Stone Soup version 0.28-a0-317-g21599a725c (webtiles) character file.

Game seed: 8684807487365555188

25 Colgate the Grasshopper (level 3, -6/31 HPs)
             Began as a Gnoll Warper on Sept 1, 2021.
             Was a Follower of Kikubaaqudgha.
             Killed by divine providence
             ... invoked by an orc priest
              (15 damage)
             ... on level 1 of the Dungeon.
             The game lasted 00:08:13 (1527 turns).

Colgate the Grasshopper (Gnoll Warper)              Turns: 1527, Time: 00:08:13

Health: -6/31      AC:  5    Str: 11    XL:     3   Next: 4%
Magic:  1/9        EV: 11    Int: 12    God:    Kikubaaqudgha [*.....]
Gold:   18         SH:  0    Dex: 11    Spells: 6/11 levels left

rFire   . . .      SeeInvis .     - Unarmed
rCold   . . .      Faith    .   (no shield)
rNeg    . . .      Spirit   .   f - +0 ring mail
rPois   .          Reflect  .   (no helmet)
rElec   .          Harm     .   (no cloak)
rCorr   .          Rampage  .   (no gloves)
Will    .....                   (no boots)
Stlth   +.........              (no amulet)
HPRegen 0.10/turn               (no ring)
MPRegen 0.11/turn               (no ring)

@: no status effects
A: fangs 1, strong nose, distributed training
a: Renounce Religion, Receive Corpses


You were on level 1 of the Dungeon.
You worshipped Kikubaaqudgha.
Kikubaaqudgha was aware of your devotion.
You visited 1 branch of the dungeon, and saw 2 of its levels.

You collected 18 gold pieces.

Inventory:

Missiles
 c - 5 boomerangs of dispersal (quivered)
 d - 47 stones
Armour
 a - a +0 leather armour
 f - a +0 ring mail (worn)
Scrolls
 b - a scroll of blinking
 e - a scroll of identify {unknown}
Potions
 g - a potion of invisibility {unknown}


   Skills:
 + Level 4.5 Fighting
 + Level 0.5 Short Blades
 + Level 0.5 Long Blades
 + Level 0.5 Axes
 + Level 0.5 Maces & Flails
 + Level 0.5 Polearms
 + Level 0.5 Staves
 + Level 0.5 Slings
 + Level 0.5 Bows
 + Level 0.5 Crossbows
 + Level 2.5 Throwing
 + Level 2.5 Armour
 + Level 4.5 Dodging
 + Level 0.5 Stealth
 + Level 0.5 Shields
 + Level 4.5 Unarmed Combat
 + Level 4.9 Spellcasting
 + Level 0.4 Conjurations
 + Level 0.4 Hexes
 + Level 0.4 Summonings
 + Level 0.4 Necromancy
 + Level 5.4 Translocations
 + Level 0.4 Transmutations
 + Level 0.4 Fire Magic
 + Level 0.4 Ice Magic
 + Level 0.4 Air Magic
 + Level 0.4 Earth Magic
 + Level 0.4 Poison Magic
 + Level 0.7 Invocations
 + Level 0.5 Evocations


You had 6 spell levels left.
You knew the following spells:

 Your Spells              Type           Power      Damage    Failure   Level
a - Blink                 Tloc           N/A        N/A       8%          2
b - Gell's Gravitas       Tloc           7%         N/A       16%         3

Your spell library contained the following spells:

 Spells                   Type           Power      Damage    Failure   Level
 Lesser Beckoning         Tloc           15%        N/A       16%         3
 Teleport Other           Tloc           15%        N/A       16%         3
 Pain                     Necr           12%        1d4       38%         1
 Corpse Rot               Necr/Air       N/A        N/A       52%         2
 Sublimation of Blood     Necr           1%         N/A       52%         2
 Vampiric Draining        Necr           1%         2d6       77%         3
 Manifold Assault         Tloc           15%        N/A       82%         5


Dungeon Overview and Level Annotations

Branches:
Dungeon (2/15)

Altars:
Kikubaaqudgha


Innate Abilities, Weirdness & Mutations

You have very sharp teeth.
Your uncanny sense of smell can sniff out nearby items.
Your experience applies equally to all skills.


Message History

Aiming: Gell's Gravitas (quite dangerous; 16% risk of failure)
Press: ? - help, Dir - move target, f - you That would be overly suicidal.
Okay, then.
Unknown command.
Casting: Gell's Gravitas (quite dangerous; 16% risk of failure)
Confirm with . or Enter, or press ? or * to list all spells.
The spell is quite dangerous to cast (16% risk of failure)!
Continue anyway?
Aiming: Gell's Gravitas (quite dangerous; 16% risk of failure)
Press: ? - help, Dir - move target, f - orc priest
Aim: an orc priest, wielding a +0 club and wearing a +0 scale mail Gravity reorients around the orc priest.
The orc priest collides with the orc priest!
The orc priest hits you but does no damage.
You completely miss the orc priest. The orc priest misses you.
You hit the orc priest.
The orc priest is moderately wounded.
The orc priest misses you.
You hit the orc priest but do no damage.
The orc priest is moderately wounded.
The orc priest invokes the aid of Beogh against you.
Beogh smites you! The orc priest hits you with a +0 club.
* * * LOW HITPOINT WARNING * * *
The orc priest calls upon Beogh to heal the orc priest.
The orc priest's wounds heal themselves!
The orc priest completely misses you.
You climb upwards.
There is a stone staircase leading down here.
You barely miss the orc priest. The orc priest closely misses you.
You hit the orc priest but do no damage.
You hit the orc priest.
The orc priest is lightly wounded.
The orc priest hits you with a +0 club.
* * * LOW HITPOINT WARNING * * *
You hit the orc priest.
The orc priest is moderately wounded.
The orc priest calls down the wrath of Beogh upon you.
Beogh smites you!
You die...
Kikubaaqudgha rasps: "You have failed me!
Welcome... death!"

##...#####
###...##..###....##
#...##..#
#......#..####..##
#.......#
#.#....#...##>...#
#########
#.#....#...###.<.#
#.#....#....##....
#.#....#.#..###...
#.#....#.#...##...
#.#....#.....###..
#@#....#......###.
#o#....).##...##..
#.#.....###....#..
#.#...............
#.#......##.......
#.#.#....##.######
#.#......##.#.....
#.###.#..##.#(####
#.# #.#...#.#.####


You could see an orc priest.

Vanquished Creatures
  A bat (D:1)
  4 endoplasms (D:1)
  3 hobgoblins (D:1)
  A kobold (D:1)
  2 quokkas (D:1)
  A ball python (D:1)
  A frilled lizard (D:1)
  4 goblins (D:1)
  5 rats (D:1)
22 creatures vanquished.

Notes
Turn   | Place    | Note
-------+----------+-------------------------------------------
     0 | D:1      | Colgate the Gnoll Warper began the quest for the Orb.
     0 | D:1      | Reached XP level 1. HP: 20/20 MP: 6/6
   348 | D:1      | Reached XP level 2. HP: 26/26 MP: 7/7
   351 | D:1      | Learned a level 2 spell: Blink
   790 | D:1      | Found a faded altar of an unknown god.
   796 | D:1      | Became a worshipper of Kikubaaqudgha
   796 | D:1      | Reached * piety under Kikubaaqudgha
   796 | D:1      | Received a gift from Kikubaaqudgha
  1069 | D:1      | Reached XP level 3. HP: 29/31 MP: 9/9
  1512 | D:1      | Learned a level 3 spell: Gell's Gravitas
  1527 | D:1      | Killed from afar by an orc priest

Illustrated notes

Levels and vault maps discovered:
D:1:      dpeg_arrival_long_road, layout_basic,
          hellmonk_ecumenical_altar_crossroads, serial_corexii_hall,
          corexii_hall_statues_l, corexii_hall_statues_i,
          chequers_hall_statues_y, corexii_hall_statues_x,
          kennysheep_pointless_box, serial_bayou_pond_d,
          kennysheep_decorative_pillar
D:2:      layout_loops_ring, minmay_statues_item, uniq_natasha

Action                   || total
-------------------------++-------
Melee: Unarmed           ||    83
       Bite              ||     8
       Punch             ||     2
 Cast: Gell's Gravitas   ||     3
Armor: Leather armour    ||    14
       Ring mail         ||     6
Dodge: Dodged            ||    35

Table legend: (Time is in decaauts)
 A = Elapsed time spent in this place.
 B = Non-inter-level travel time spent in this place.
 C = Inter-level travel time spent in this place.
 D = Time resting spent in this place.
 E = Time spent auto-exploring this place.
 F = Levels seen in this place.
 G = Mean time per level.
                   A        B        C        D        E       F      G
               +--------+--------+--------+--------+--------+-----+--------+
         Total |   1522 |   1464 |     58 |      0 |   1192 |   2 |  761.0 |
       Dungeon |   1522 |   1464 |     58 |      0 |   1192 |   2 |  761.0 |
               +--------+--------+--------+--------+--------+-----+--------+

Top non-repeatable levels by time:
     D:1: 1466 daAuts
     D:2: 55 daAuts
